AoeStats
← Mirk

Black Forest

509053962Analyzed
4v4 RM · 7d ago on Sep 25, 2026· 50m 55s· 8 players
Game mode
Random Map
Map size
Large (8 player)
Population
200
Speed
Normal
Resources
Standard
Victory
Conquest
Starting age
Dark Age
Ending age
Imperial Age
RankedLock teamsTeams togetherTeam positionsShared explorationLock speedFull tech treeHidden civsTurbo modeCheats
Victory
Defeat
🇭🇺 Mongols · Hungary
1155
+14
🇲🇽 Persians · Mexico
1124
+15
🇳🇱 Danes · Netherlands
1071
+18
🇸🇪 Celts · Sweden
1057
+18
🇨🇳 Portuguese · China
1162
-18
🇹🇼 Danes · Taiwan
1117
-17
🇨🇳 Saracens · China
1076
-15
🇹🇼 Khmer · Taiwan
1074
-15
ELO800
6:48 Loom
8:52 Feudal Age
9:27 Double-Bit Axe
9:22 Man-at-Arms
10:20 Arson
11:19 Horse Collar
16:41 Scale Mail Armor
19:07 Castle Age
17:46 Fletching
20:05 Bodkin Arrow
蓝色铁骑
0:33 Loom
14:05 Feudal Age
14:57 Horse Collar
15:04 Double-Bit Axe
16:26 Gold Mining
23:50 Castle Age
23:57 Castle Age
21:53 Stone Mining
25:17 Gold Shaft Mining
24:56 Bow Saw
24:47 Heavy Plow
27:54 Wheelbarrow
30:52 Hand Cart
34:28 Imperial Age
32:29 Hand Cart
32:33 Padded Archer Armor
32:25 Fletching
33:16 Ballistics
33:07 Masonry
33:58 Fortified Wall
33:44 Murder Holes
34:51 Bodkin Arrow
34:58 Padded Archer Armor
35:44 Conscription
34:46 Elite Mameluke
36:30 Chemistry
34:56 Elite Skirmisher
36:12 Bracer
36:34 Caravan
37:51 Leather Archer Armor
37:48 Forging
37:43 Scale Barding Armor
39:56 Ring Archer Armor
40:04 Iron Casting
40:02 Caravan
40:40 Chain Barding Armor
43:15 Blast Furnace
42:08 Light Cavalry
42:59 Bloodlines
44:21 Plate Barding Armor
45:34 Husbandry
44:54 Hussar
44:59 Heavy Camel Rider
Y
10:14 Feudal Age
12:45 Loom
16:08 Castle Age
14:39 Double-Bit Axe
15:31 Stone Mining
18:38 Wheelbarrow
19:03 Bow Saw
19:16 Horse Collar
23:10 Fletching
24:06 Gold Mining
24:06 Fishing Lines
26:25 Hand Cart
27:46 Stone Shaft Mining
27:52 Heavy Plow
28:05 Forging
27:50 Gillnets
28:13 Treadmill Crane
28:46 Masonry
31:22 Imperial Age
29:41 Bodkin Arrow
30:47 Fervor
31:28 Iron Casting
31:39 Ballistics
33:06 Chemistry
32:12 Siege Engineers
32:09 Bracer
32:32 Conscription
33:10 Architecture
33:44 Two-Man Saw
33:03 Town Watch
34:22 Blast Furnace
33:27 Arquebus
34:08 Murder Holes
34:05 Elite Organ Gun
35:55 Scale Barding Armor
38:45 Chain Barding Armor
41:14 Plate Barding Armor
41:02 Husbandry
41:13 Bloodlines
48:18 Bombard Tower
遠方的燈
0:42 Loom
14:11 Feudal Age
17:35 Castle Age
16:55 Double-Bit Axe
16:52 Horse Collar
19:13 Bow Saw
22:56 Bloodlines
27:04 Husbandry
27:13 Scale Barding Armor
27:19 Forging
27:35 Heavy Plow
28:39 Light Cavalry
31:29 Chain Barding Armor
31:45 Iron Casting
33:15 Wheelbarrow
32:43 Town Watch
37:46 Imperial Age
36:31 Iron Casting
37:34 Tusk Swords
39:37 Conscription
40:03 Conscription
39:39 Elite Battle Elephant
39:50 Elite Battle Elephant
40:56 Hand Cart
41:17 Crop Rotation
41:26 Plate Barding Armor
42:02 Blast Furnace
42:25 Fletching
42:35 Padded Archer Armor
42:35 Scale Mail Armor
44:20 Town Patrol
46:26 Leather Archer Armor
50:48 Chemistry
50:09 Ballistics
oscabar85
1:11 Loom
12:23 Feudal Age
12:24 Man-at-Arms
18:18 Castle Age
17:39 Double-Bit Axe
17:38 Horse Collar
22:19 Fervor
30:06 Wheelbarrow
29:19 Town Watch
32:35 Imperial Age
30:50 Heavy Plow
31:01 Bow Saw
32:16 Stone Mining
32:19 Gold Mining
33:06 Hand Cart
33:38 Stone Shaft Mining
33:39 Gold Shaft Mining
34:51 Two-Man Saw
35:34 Chemistry
35:38 Forging
35:36 Scale Barding Armor
36:13 Conscription
37:07 Citadels
37:01 Elite War Elephant
38:23 Husbandry
38:34 Bloodlines
42:38 Iron Casting
42:24 Chain Barding Armor
42:14 Town Patrol
deRoode
10:08 Feudal Age
12:35 Loom
15:17 Castle Age
14:08 Double-Bit Axe
14:05 Horse Collar
15:35 Man-at-Arms
18:09 Long Swordsman
21:59 Arson
23:06 Bow Saw
24:24 Heavy Plow
25:20 Fletching
25:46 Stone Mining
27:04 Wheelbarrow
26:15 Town Watch
28:06 Stone Shaft Mining
27:24 Gold Mining
28:31 Squires
32:31 Imperial Age
30:38 Forging
30:28 Scale Mail Armor
31:50 Hand Cart
33:04 Chain Mail Armor
33:24 Iron Casting
33:49 Conscription
32:56 Elite Jomsviking
35:23 Bodkin Arrow
36:02 Plate Mail Armor
36:32 Blast Furnace
35:29 Pikeman
36:37 Siege Engineers
38:07 Halberdier
40:18 Onager
41:22 Siege Onager
43:03 Hoardings
48:03 Bracer
Mirk
5:26 Loom
13:16 Feudal Age
13:59 Double-Bit Axe
13:59 Horse Collar
15:43 Wheelbarrow
21:56 Castle Age
20:01 Stone Mining
21:03 Fishing Lines
21:16 Gold Mining
23:16 Bow Saw
23:26 Fletching
23:37 Padded Archer Armor
24:34 Stone Shaft Mining
25:14 Heavy Plow
25:51 Gold Shaft Mining
27:28 Bodkin Arrow
29:05 Bloodlines
28:55 Husbandry
29:44 Ballistics
29:21 Murder Holes
29:32 Light Cavalry
30:27 Gillnets
31:39 Leather Archer Armor
35:58 Imperial Age
35:17 Hand Cart
34:48 Town Watch
35:27 Forging
35:23 Scale Barding Armor
36:07 Nomads
37:27 Parthian Tactics
37:08 Thumb Ring
36:50 Hussar
38:15 Town Patrol
39:06 Bracer
39:27 Chain Barding Armor
39:43 Iron Casting
41:32 Drill
40:37 Onager
43:34 Blast Furnace
43:15 Masonry
44:06 Chemistry
43:12 Siege Engineers
43:18 Fortified Wall
43:14 Siege Onager
45:49 Elite Mangudai
Daboss
1:36 Loom
11:53 Feudal Age
12:30 Double-Bit Axe
15:39 Horse Collar
16:10 Fletching
23:25 Castle Age
23:49 Scale Mail Armor
24:29 Bow Saw
24:35 Heavy Plow
24:52 Forging
24:04 Pikeman
27:38 Chain Mail Armor
27:56 Gold Mining
30:11 Gold Shaft Mining
31:10 Wheelbarrow
33:01 Stone Mining
33:54 Iron Casting
36:18 Imperial Age
34:09 Hand Cart
34:56 Caravan
36:12 Stone Shaft Mining
36:50 Bodkin Arrow
37:43 Ballistics
37:19 Murder Holes
37:30 Siege Engineers
37:36 Masonry
38:39 Blast Furnace
37:23 Onager
38:47 Plate Mail Armor
40:19 Chemistry
40:37 Hoardings
39:50 Halberdier
41:39 Siege Onager
44:56 Padded Archer Armor
45:26 Conscription
47:22 Furor Celtica
49:53 Fortified Wall
Connection lost

Rejoining the realm…

Still unreachable

The connection could not be restored.

Session expired

The server has moved on; the page needs a fresh start.